 Dungeon Crawl Stone Soup version 0.29.1-4-g47bece8355 (webtiles) character file.

Game seed: 6893635496135585983

39 cheesebisquit the Trooper (level 3, 0/33 HPs)
             Began as a Minotaur Berserker on Dec 11, 2022.
             Was a Follower of Trog.
             Slain by Sigmund
             ... wielding a +0 scythe
              (10 damage)
             ... on level 2 of the Dungeon.
             The game lasted 00:06:02 (507 turns).

cheesebisquit the Trooper (Minotaur Berserker)       Turns: 507, Time: 00:06:03

Health: 0/33       AC:  6    Str: 23    XL:     3   Next: 28%
Magic:  2/2        EV: 11    Int:  4    God:    Trog [*.....]
Gold:   21         SH:  0    Dex:  9    Spells: 2/2 levels left

rFire   . . .      SeeInvis .   a - +0 hand axe
rCold   . . .      Faith    .   (no shield)
rNeg    . . .      Spirit   .   e - +1 ring mail
rPois   .          Reflect  .   (helmet restricted)
rElec   .          Harm     .   (no cloak)
rCorr   .          Rampage  .   (no gloves)
Will    .....                   (no boots)
Stlth   ..........              (no amulet)
HPRegen 0.11/turn               c - ring of flight
MPRegen 0.08/turn               (no ring)

@: flying
A: horns 2, retaliatory headbutt
a: Renounce Religion, Berserk


You were on level 2 of the Dungeon.
You worshipped Trog.
Trog was aware of your devotion.
You visited 1 branch of the dungeon, and saw 2 of its levels.

You collected 21 gold pieces.

Inventory:

Hand Weapons
 a - a +0 hand axe (weapon)
Armour
 b - a +0 animal skin
 d - an orb of guile
 e - a +1 ring mail (worn)
 h - a +0 ring mail
Jewellery
 c - a ring of flight (left hand)


   Skills:
 - Level 4.1 Fighting
 + Level 4.1 Axes
 - Level 3.0 Armour
 - Level 2.7 Dodging


You had 2 spell levels left.
You didn't know any spells.
Your spell library was empty.

Dungeon Overview and Level Annotations

Branches:
Dungeon (2/15)

Altars:

Annotations:
D:2 Sigmund


Innate Abilities, Weirdness & Mutations

You have a pair of horns on your head.
You reflexively headbutt those who attack you in melee.


Message History

You can no longer call upon Trog for regeneration and willpower.
Something hits you but does no damage.
You barely miss something.
You hear some strange, mumbled words.
A puff of flame appears from out of thin air!
The puff of flame hits you.
* * * LOW HITPOINT WARNING * * *
You aren't carrying any potions.
As you read the scroll labelled QYN NECWAVVI, it crumbles to dust.
It is a scroll of enchant armour.
Your +0 ring mail glows green for a moment.
Something hits you.
* * * LOW HITPOINT WARNING * * *
As you read the scroll labelled KUICOL OSHRUCIH, it crumbles to dust.
You assume a fearsome visage.
It was a scroll of fear.
You start resting.
You feel the effects of Trog's Hand fading.
You start resting.
Your skin stops crawling.
You feel less strong-willed.
You start resting.
You feel yourself speed up.
You start resting.
You recover from your berserk rage.
You start resting.
Sigmund appears from thin air!
Reactivating autopickup.
You start resting.
Sigmund is nearby!
You start resting.
Sigmund is nearby!
Sigmund hits you but does no damage.
You closely miss Sigmund. Your headbutt misses Sigmund.
Sigmund is severely wounded.
Sigmund hits you with a +0 scythe!
Okay, then.
You hit Sigmund.
Sigmund is severely wounded.
Sigmund screams, "Only death can liberate you!"
Sigmund hits you with a +0 scythe!
You die...

###### #.##.......P.
...... #.##.........
......# #.#.<........
.......###.#..†.......
.........#.#..........
{$.....).......†......
......##..............
..... ##@)..........#
.... #@...........#
... #......#...... ..
#.......##.##. #
#######..... ###.# #


You could see Sigmund.

Vanquished Creatures
  An adder (D:2)
  A dart slug (D:2)
  4 ball pythons
  A bat (D:1)
  3 endoplasms
  A giant cockroach (D:1)
  3 hobgoblins (D:1)
  2 quokkas (D:1)
  A frilled lizard (D:1)
  3 goblins (D:1)
  3 kobolds
  2 rats
25 creatures vanquished.

Notes
Turn   | Place    | Note
-------+----------+-------------------------------------------
     0 | D:1      | cheesebisquit the Minotaur Berserker began the quest for
                  | the Orb.
     0 | D:1      | Reached XP level 1. HP: 19/19 MP: 0/0
   136 | D:1      | Reached XP level 2. HP: 27/27 MP: 1/1
   422 | D:2      | Reached ** piety under Trog
   438 | D:2      | Reached XP level 3. HP: 22/33 MP: 2/2
   459 | D:2      | Noticed Sigmund
   507 | D:2      | Slain by Sigmund

Illustrated notes

Levels and vault maps discovered:
D:1:      dpeg_arrival_long_road, layout_rooms
D:2:      layout_rooms, dreamdust_ecumenical_altar_grove, basic_altar,
          uniq_sigmund

Skill      XL: |  1  2 |
---------------+-------+-----
Fighting       | 4 |  4.1
Axes           | 4 |  4.1
Armour         | 3 |  3.0
Dodging        | |  2.7

Action                   || total
-------------------------++-------
Melee: Hand axe          ||    63
       Headbutt          ||     9
Invok: Trog's Hand       ||     2
       Berserk           ||     1
  Use: Potion            ||     2
       Scroll            ||     2
Armor: Animal skin       ||     2
       Ring mail         ||    23
Dodge: Dodged            ||    36
